 Dungeon Crawl Stone Soup version 0.19-a0-1821-g42c593c (webtiles) character file.

214 junb69 the Slasher (level 5, -1/38 HPs)
             Began as a High Elf Skald on Oct 6, 2016.
             Slain by a bullfrog (5 damage)
             ... in a sewer.
             The game lasted 00:08:47 (4257 turns).

junb69 the Slasher (High Elf Skald)                 Turns: 4257, Time: 00:08:47

Health: -1/38      AC:  6    Str: 12    XL:     5   Next: 60%
Magic:  8/8        EV: 10    Int: 21    God:
Gold:   113        SH:  0    Dex: 14    Spells: 3 memorised, 2 levels left

rFire  . . .     SeeInvis .     a - +0 falchion
rCold  . . .     Gourm    .     e - +0 ring mail
rNeg   . . .     Faith    .     (no shield)
rPois  .         Spirit   .     h - +0 helmet
rElec  .         Dismiss  .     (no cloak)
rCorr  .         Reflect  .     (no gloves)
MR     .....     Harm     .     (no boots)
Stlth  +.........               (no amulet)
                                (no ring)
                                (no ring)

@: brilliant
A: low mp 1
a: no special abilities


You were in a sewer.
You were very hungry.

You visited 1 branch of the dungeon, and saw 3 of its levels.
You also visited: Sewer.

You collected 113 gold pieces.

Inventory:

Hand Weapons
 a - a +0 falchion (weapon)
Armour
 e - a +0 ring mail (worn)
 h - a +0 helmet (worn)
Scrolls
 f - 2 scrolls of magic mapping
 j - 3 scrolls of fog
 m - 2 scrolls of identify
Potions
 b - a potion of brilliance
 k - a potion of might {unknown}
 n - a potion of agility {unknown}
Books
 c - a book of Battle

   Spells                             Type                      Level
   a - Infusion                       Charms                       1
   b - Shroud of Golubria             Charms/Translocation         2
   c - Song of Slaying                Charms                       2
   d - Spectral Weapon                Hexes/Charms                 3
   e - Regeneration                   Charms/Necromancy            3
Comestibles
 d - 4 bread rations
 g - 4 meat rations
 l - a fruit


   Skills:
 * Level 4.5 Fighting
 * Level 5.0 Long Blades
 - Level 0.8 Armour
 - Level 1.1 Dodging
 - Level 2.4 Spellcasting
 - Level 3.6 Charms


You had 2 spell levels left.
You knew the following spells:

 Your Spells              Type           Power        Failure   Level  Hunger
a - Infusion              Chrm           ####         1%          1    None
b - Song of Slaying       Chrm           ####....     1%          2    ##.....
c - Spectral Weapon       Hex/Chrm       ###.....     8%          3    ###....


Dungeon Overview and Level Annotations

Branches:
Dungeon (3/15)

Altars:


Innate Abilities, Weirdness & Mutations

Your magical capacity is low. (-10% MP)


Message History

You feel better. The bullfrog hits you. The adder bites you but does no damage.
The bullfrog hits you. The adder barely misses you.
The ball python bites you but does no damage.
The ball python constricts you.
The bullfrog hits you but does no damage.
You escape the ball python's grasp.
The bullfrog hits you!
* * * LOW HITPOINT WARNING * * *
The ball python bites you but does no damage.
The ball python closely misses you. The bullfrog closely misses you.
The adder bites you but does no damage. x2; The ball python closely misses you. x2
The bullfrog hits you.
* * * LOW HITPOINT WARNING * * *
The bullfrog hits you.
* * * LOW HITPOINT WARNING * * *
The adder bites you.
* * * LOW HITPOINT WARNING * * *
It was a potion of brilliance.
You feel clever all of a sudden. The bullfrog closely misses you.
The bullfrog hits you.
You die...

#....##### **** #....##..#
*,,, #.....'..# *,∩,
##....#### *,,,
#.....####################*+*
#......≈≈≈≈≈≈≈≈≈≈≈≈≈≈≈≈≈≈.,,*
##.....≈≈≈≈≈≈l≈≈≈≈≈≈≈≈≈≈..,,,
#......≈≈≈≈SFS≈≈≈≈≈≈≈≈≈.S,,,
##....≈≈≈≈≈@FS≈≈≈≈≈≈≈≈≈≈.,,,
##....≈≈≈≈SSS≈≈≈≈≈≈≈≈≈..,,,
###..≈≈≈≈l≈≈≈≈≈≈≈≈≈≈≈≈.,,*
#####################***


You could see 2 bullfrogs, 2 adders, 4 ball pythons and 2 frilled lizards.

Vanquished Creatures
  A gnoll (D:1)
  4 adders
  7 river rats (Sewer)
  An ooze (D:3)
  4 worms (D:2)
  2 dart slugs (D:1)
  3 leopard geckos
  5 bats
  4 giant cockroaches
  7 goblins
  9 hobgoblins
  A quokka (D:2)
  10 ball pythons
  7 frilled lizards
  6 kobolds
  27 rats
98 creatures vanquished.

Notes
Turn   | Place    | Note
-------+----------+-------------------------------------------
     0 | D:1      | junb69 the High Elf Skald began the quest for the Orb.
     0 | D:1      | Reached XP level 1. HP: 14/14 MP: 4/4
   401 | D:1      | Reached XP level 2. HP: 14/20 MP: 6/6
   437 | D:1      | Learned a level 2 spell: Song of Slaying
   498 | D:1      | Reached skill level 3 in Long Blades
   963 | D:1      | Reached XP level 3. HP: 24/25 MP: 7/7
  1589 | D:2      | Reached skill level 4 in Long Blades
  1589 | D:2      | Reached XP level 4. HP: 26/31 MP: 8/8
  2501 | D:2      | Learned a level 3 spell: Spectral Weapon
  2598 | D:3      | Found a glowing drain.
  2603 | Sewer    | Entered a sewer
  2937 | Sewer    | Reached XP level 5. HP: 34/37 MP: 9/9
  3392 | Sewer    | Reached skill level 5 in Long Blades
  3420 | Sewer    | Gained mutation: Scrolls take you a little longer to read. [potion of mutation]
  3420 | Sewer    | Lost mutation: Scrolls take you a little longer to read. [potion of mutation]
  3420 | Sewer    | Gained mutation: Your magical capacity is low. (-10% MP) [potion of mutation]
  4257 | Sewer    | Slain by a bullfrog

Vault maps used:
D:1:      dpeg_arrival_water_altar, minmay_misc_feat_encased
D:2:      first_bread
D:3:      gup_sewer_entry_bowl, elyvilon_altar_4, uniq_grinder, uniq_iyjb
Sewer:    sewer_minmay_w

Skill      XL: |  1  2  3  4  5 |
---------------+----------------+-----
Long Blades    | 3 4 5 |  5.0
Fighting       | 3 4 |  4.5
Armour         | |  0.8
Dodging        | |  1.1
Spellcasting   | |  2.4
Charms         | |  3.6

Action                   |  1- 3 |  4- 6 || total
-------------------------+-------+-------++-------
Melee: Falchion          |   123 |   197 ||   320
 Cast: Infusion          |     6 |    11 ||    17
       Song of Slaying   |       |     4 ||     4
  Use: Potion            |     1 |     4 ||     5
       Scroll            |       |     4 ||     4
  Eat: Chunk             |     2 |     9 ||    11
Armor: Ring mail         |    46 |   141 ||   187
       Leather armour    |     1 |       ||     1
Dodge: Dodged            |    71 |   158 ||   229
       Rpst.: Falchion   |    18 |    39 ||    57
